 Dungeon Crawl Stone Soup version 0.22.1-2-g9c5b331383 (webtiles) character file.

4510 Peloso the Carver (level 10, -9/88 HPs)
             Began as a Minotaur Fighter on Nov 22, 2018.
             Was an Elder of Okawaru.
             Mangled by a death yak (19 damage)
             ... on level 7 of the Dungeon.
             The game lasted 00:13:54 (6284 turns).

Peloso the Carver (Minotaur Fighter)                Turns: 6284, Time: 00:13:55

Health: -9/88      AC: 19    Str: 22    XL:     10   Next: 16%
Magic:  9/9        EV:  6    Int:  5    God:    Okawaru [****..]
Gold:   259        SH: 12    Dex: 12    Spells: 9/9 levels left

rFire    x . .     SeeInvis +   a - +0 long sword
rCold    + . .     Gourm    .   c - +0 shield
rNeg     . . .     Faith    .   r - +0 plate armour
rPois    .         Spirit   .   (helmet restricted)
rElec    .         Reflect  .   B - +0 cloak
rCorr    .         Harm     .   g - +0 pair of gloves
MR       .....                  i - +1 pair of boots
Stlth    ..........             (no amulet)
HPRegen  0.24/turn              x - ring of see invisible
MPRegen  0.11/turn              u - ring of ice

@: no status effects
A: retaliatory headbutt, horns 2
a: Heroism, Renounce Religion


You were on level 7 of the Dungeon.
You worshipped Okawaru.
Okawaru was greatly pleased with you.
You were hungry.

You visited 2 branches of the dungeon, and saw 9 of its levels.

You collected 281 gold pieces.
You spent 22 gold pieces at shops.

Inventory:

Hand Weapons
 a - a +0 long sword (weapon)
 A - the +8 hunting sling of the Final Chapter {freeze, +Blink rF- Int+4}
   (You found it on level 7 of the Dungeon)

   It causes projectiles fired from it to freeze those they strike, causing
   extra injury to most foes and up to half again as much damage against
   particularly susceptible opponents.
   They can also slow down cold-blooded creatures.
   It affects your intelligence (+4).
   It makes you vulnerable to fire.
   It lets you blink.
Missiles
 F - 15 sling bullets
Armour
 b - a +0 scale mail
 c - a +0 shield (worn)
 g - a +0 pair of gloves (worn)
 i - a +1 pair of boots (worn)
 r - a +0 plate armour (worn)
 B - a +0 cloak (worn)
Jewellery
 u - a ring of ice (right hand)
 x - a ring of see invisible (left hand)
Wands
 h - a wand of iceblast (6)
 t - a wand of digging (3)
Scrolls
 e - 5 scrolls of remove curse
 m - a scroll of amnesia {unknown}
 p - a scroll of immolation {unknown}
 s - 4 scrolls of teleportation
 v - 4 scrolls of enchant weapon {unknown}
 y - a scroll of blinking {unknown}
 z - 2 scrolls of magic mapping {unknown}
 D - a scroll of noise {unknown}
 E - a scroll of enchant armour {unknown}
Potions
 d - 2 potions of might
 j - 3 potions of berserk rage
 k - a potion of agility
 l - 4 potions of brilliance {unknown}
 n - 4 potions of heal wounds {unknown}
 o - a potion of mutation {unknown}
 q - a potion of flight {unknown}
 w - 3 potions of ambrosia {unknown}
 C - a potion of invisibility {unknown}
 G - a potion of curing {unknown}
Comestibles
 f - 14 rations


   Skills:
 + Level 7.9 Fighting
 + Level 11.1 Long Blades
 + Level 8.6 Armour
 + Level 2.3 Dodging
 + Level 0.8 Stealth
 + Level 9.4 Shields
 + Level 0.6 Invocations
 + Level 0.5 Evocations


You had 9 spell levels left.
You didn't know any spells.
Your spell library contained the following spells:

 Spells                   Type           Power        Failure   Level  Hunger
 Confusing Touch          Hex            #.....       100%        1    ##.....
 Confuse                  Hex            #.......     100%        3    ####...
 Gell's Gravitas          Tloc           #.........   100%        3    ####...
 Petrify                  Tmut/Erth      #.......     100%        4    #####..
 Metabolic Englaciation   Hex/Ice        #.........   100%        5    ######.
 Yara's Violent Unravell  Hex/Tmut       #.........   100%        5    ######.


Dungeon Overview and Level Annotations

Branches:
Dungeon (8/15)             Temple (1/1) D:4            Lair (0/6) D:8

Altars:
Ashenzari
Cheibriados
Dithmenos
Elyvilon
Fedhas
Gozag
Hepliaklqana
Makhleb
Nemelex Xobeh
Okawaru
Qazlal
Ru
Sif Muna
Trog
Uskayaw
Vehumet
Xom
Yredelemnul
Zin
The Shining One

Shops:
D:7 :[:*

Annotations:
D:5 2 transporters, Tutankhamun's ghost, novice GrFi
D:7 2 runed doors, Cykl0x's ghost, novice GrFi


Innate Abilities, Weirdness & Mutations

You reflexively headbutt those who attack you in melee.
You have a pair of horns on your head.


Message History

The death yak gores you but does no damage.
You block the yak's attack.
Unknown command.
You hit the death yak but do no damage.
The death yak is heavily wounded.
The death yak gores you!
* * * LOW HITPOINT WARNING * * *
The yak gores you.
* * * LOW HITPOINT WARNING * * *
Unknown command.
You slash the death yak!
The death yak is severely wounded.
The death yak gores you.
* * * LOW HITPOINT WARNING * * *
The yak gores you.
* * * LOW HITPOINT WARNING * * *
You hit the death yak but do no damage.
The death yak is severely wounded.
The death yak gores you!!
You die...

#[#######...)........##.#
.......##.#.#.#########.#
#.............# #.#
.(..#..##..######## #.#
###.#..##..# ##.<.## #.# #
#....##..###..#..# #.#
###.##(...<....###.# ##.##
....#####..###..#Y.# #...#
#.### #..# ##.@.## #.#'###
#.# #..# ##Y## #.+∩'.#
#.#######..# #.# ###+#.#
#[.........#####.# #...#
#########......#.# ###>#
#####....#### #.#
#############.......######.#
..(........................#
.###.########..####.########


You could see a death yak and a yak.

Vanquished Creatures
  4 death yaks
  Joseph (D:7)
  Eustachio (D:6)
  An orc warrior (D:6)
  3 ogres
  A centaur (D:6)
  3 bullfrogs
  Blork the orc (D:4)
  4 howler monkeys (D:7)
  A jelly (D:5)
  A gnoll shaman (D:5)
  3 orc wizards
  An orc priest (D:7)
  Ijyb (D:4)
  Terence (D:3)
  An iguana (D:6)
  Natasha (thrice) (D:4)
  5 worker ants
  2 hound zombies
  Robin (D:3)
  A howler monkey zombie (D:5)
  6 gnolls
  9 adders
  A shadow imp (D:7)
  An ooze (D:2)
  4 adder skeletons
  3 worms
  3 dart slugs
  3 leopard geckos
  10 orcs
  2 giant cockroaches
  14 goblins
  13 hobgoblins
  9 jackals
  5 quokkas
  A ball python (D:1)
  6 bats
  8 frilled lizards
  11 kobolds
  6 rats
155 creatures vanquished.

Notes
Turn   | Place    | Note
-------+----------+-------------------------------------------
     0 | D:1      | Peloso the Minotaur Fighter began the quest for the Orb.
     0 | D:1      | Reached XP level 1. HP: 19/19 MP: 0/0
   133 | D:1      | Reached XP level 2. HP: 27/27 MP: 1/1
   268 | D:1      | Reached XP level 3. HP: 33/33 MP: 2/2
   724 | D:2      | Reached skill level 3 in Long Blades
   853 | D:2      | Reached XP level 4. HP: 41/41 MP: 3/3
  1180 | D:2      | Found a blossoming altar of Fedhas.
  1550 | D:2      | Found a bloodstained altar of Trog.
  1704 | D:3      | Noticed Terence
  1718 | D:3      | Killed Terence
  1718 | D:3      | Reached skill level 4 in Long Blades
  1718 | D:3      | Reached XP level 5. HP: 41/47 MP: 4/4
  1746 | D:3      | Found a faded altar of an unknown god.
  1936 | D:3      | Noticed Robin
  1944 | D:3      | Reached skill level 5 in Shields
  1946 | D:3      | Killed Robin
  1946 | D:3      | Reached skill level 1 in Dodging
  2048 | D:4      | Noticed Natasha
  2053 | D:4      | Killed Natasha
  2079 | D:4      | Noticed Ijyb
  2087 | D:4      | Killed Ijyb
  2119 | D:4      | Noticed Blork the orc
  2128 | D:4      | Killed Blork the orc
  2128 | D:4      | Reached XP level 6. HP: 53/55 MP: 5/5
  2156 | D:4      | Reached skill level 5 in Long Blades
  2262 | D:4      | Reached skill level 5 in Armour
  2296 | D:4      | Noticed Natasha
  2306 | D:4      | Killed Natasha
  2342 | D:4      | Noticed Natasha
  2351 | D:4      | Reached skill level 5 in Fighting
  2352 | D:4      | Killed Natasha
  2352 | D:4      | Reached XP level 7. HP: 40/61 MP: 6/6
  2647 | D:4      | Found a deep blue altar of Sif Muna.
  2647 | D:4      | Found a snail-covered altar of Cheibriados.
  2820 | D:4      | Found a staircase to the Ecumenical Temple.
  2872 | Temple   | Entered the Ecumenical Temple
  3151 | D:5      | Entered Level 5 of the Dungeon
  3155 | D:5      | Found a transporter.
  3156 | D:5      | Noticed Tutankhamun's ghost (novice GrFi)
  3164 | D:5      | Found a transporter.
  3186 | D:5      | Reached skill level 6 in Long Blades
  3775 | D:6      | Noticed Eustachio
  3823 | D:6      | Killed Eustachio
  3823 | D:6      | Reached skill level 7 in Long Blades
  3823 | D:6      | Reached XP level 8. HP: 46/69 MP: 7/7
  4056 | D:6      | Found an iron altar of Okawaru.
  4077 | D:6      | Became a worshipper of Warmaster Okawaru
  4175 | D:6      | Found a shattered altar of Ashenzari.
  4701 | D:7      | Found a large runed door.
  4713 | D:7      | Found a large runed door.
  4715 | D:7      | Noticed Cykl0x's ghost (novice GrFi)
  4777 | D:7      | Found Siegupu's Armour Emporium.
  4804 | D:7      | Noticed Joseph
  4805 | D:7      | Reached skill level 8 in Long Blades
  4828 | D:7      | Killed Joseph
  4828 | D:7      | Reached * piety under Okawaru
  4840 | D:7      | Found Mogi Say's Book Shop.
  4985 | D:7      | Reached skill level 9 in Long Blades
  4985 | D:7      | Reached XP level 9. HP: 70/78 MP: 8/8
  5023 | D:7      | Found Estim's Book Boutique.
  5216 | D:7      | Found Himef's Assorted Antiques.
  5221 | D:7      | Bought a scroll labeled LUFOEC ZAXUSON for 22 gold pieces
  5344 | D:7      | Got an encrusted hunting sling
  5345 | D:7      | Identified the +8 hunting sling of the Final Chapter
                  | {freeze, +Blink rF- Int+4} (You found it on level 7 of the
                  | Dungeon)
  5353 | D:8      | Found a staircase to the Lair.
  5353 | D:8      | Noticed a death yak
  5353 | D:8      | Noticed a death yak
  5353 | D:8      | Noticed a death yak
  5353 | D:8      | Noticed a death yak
  5354 | D:8      | Noticed a death yak
  5374 | D:7      | Killed a death yak
  5374 | D:7      | Reached ** piety under Okawaru
  5701 | D:8      | Found a shimmering altar of Xom.
  5705 | D:8      | Found an opulent altar of Gozag.
  5781 | D:7      | Killed a death yak
  5781 | D:7      | Reached *** piety under Okawaru
  5781 | D:7      | Reached skill level 10 in Long Blades
  6048 | D:8      | Killed a death yak
  6048 | D:8      | Reached **** piety under Okawaru
  6048 | D:8      | Reached XP level 10. HP: 79/88 MP: 7/9
  6129 | D:7      | Killed a death yak
  6129 | D:7      | Reached skill level 11 in Long Blades
  6284 | D:7      | Mangled by a death yak

Skill      XL: |  1  2  3  4  5  6  7  8  9 10 |
---------------+-------------------------------+-----
Fighting       | 4 5 6 7 |  7.9
Shields        | 4 5 6 8 9 |  9.4
Armour         | 4 5 6 8 |  8.6
Long Blades    | 3 4 5 7 9 10 11 | 11.1
Dodging        | 1 2 |  2.3
Stealth        | |  0.8
Invocations    | |  0.6
Evocations     | |  0.5

Action                   |  1- 3 |  4- 6 |  7- 9 | 10-12 || total
-------------------------+-------+-------+-------+-------++-------
Melee: Long sword        |    66 |   198 |   261 |    36 ||   561
       Headbutt          |    10 |    46 |    80 |    15 ||   151
Invok: Heroism           |       |       |     2 |       ||     2
Evoke: Wand              |       |     2 |     1 |       ||     3
  Use: Scroll            |       |     3 |     3 |       ||     6
  Eat: Chunk             |       |     5 |     9 |       ||    14
       Ration            |       |       |     1 |       ||     1
Armor: Scale mail        |    31 |    30 |       |       ||    61
       Chain mail        |       |    56 |       |       ||    56
       Plate armour      |       |    15 |   182 |    14 ||   211
Dodge: Dodged            |    30 |    45 |    66 |     3 ||   144
Block: Shield            |    31 |   122 |   182 |    13 ||   348
       Rpst.: Long sword |    10 |    20 |    21 |     1 ||    52
